Map: Dusk Towers

Players

Gracz

  • Race: Protoss Protoss
  • League: Bronze

HAJPER - Winner!

  • Race: Protoss Protoss

VOD

Have the link to the VOD?

Description

Time

  • Played on: Sept. 17, 2016, 4:40 p.m.
  • Length: 11:18
Show
View Real Time Build Order
Export as new Build Order

Gracz Protoss 

Build Orders: 1 Gate Expand 

Get SALT Encoding   

  12  0:01  Probe (Chrono Boost)  
  13  0:15  Pylon  
  13  0:26  Probe (Chrono Boost)  
  14  0:37  Probe (Chrono Boost)  
  15  0:44  Gateway  
  15  0:47  Probe (Chrono Boost)  
  16  0:58  Probe (Chrono Boost)  
  17  1:08  Probe (Chrono Boost)  
  18  1:21  Probe (Chrono Boost)  
  18  1:24  Nexus  
  19  1:29  Assimilator  
  19  1:32  Probe (Chrono Boost), Zealot  
  22  1:42  Probe (Chrono Boost)  
  23  2:35  Zealot  
  23  2:36  Probe (Chrono Boost)  
  26  2:46  Probe x2 (Chrono Boost)  
  26  2:47  Pylon  
  28  2:56  Probe (Chrono Boost)  
  28  2:57  Probe (Chrono Boost)  
  30  3:04  Assimilator  
  30  3:07  Probe x2 (Chrono Boost)  
  30  3:11  Cybernetics Core  
  32  3:17  Probe (Chrono Boost)  
  32  3:18  Probe (Chrono Boost)  
  34  3:20  Zealot  
  36  3:28  Probe x2 (Chrono Boost)  
  38  3:38  Probe (Chrono Boost)  
  38  3:39  Probe (Chrono Boost)  
  40  3:44  Gateway  
  40  3:46  Warp Gate  
  40  3:47  Gateway  
  40  3:48  Gateway  
  40  3:49  Probe (Chrono Boost)  
  40  3:50  Gateway  
  40  3:54  Probe (Chrono Boost)  
  42  4:00  Mothership Core (Chrono Boost)  
  44  4:06  Probe (Chrono Boost)  
  45  4:13  Twilight Council  
  45  4:16  Pylon  
  45  4:20  Pylon  
  45  4:23  Pylon  
  45  4:27  Pylon  
  45  4:31  Pylon  
  45  4:35  Pylon  
  45  4:37  Pylon, Probe (Chrono Boost)  
  47  4:38  Probe (Chrono Boost)  
  47  4:42  Pylon  
  47  4:46  Pylon  
  47  4:49  Gateway  
  47  5:03  Forge x2  
  47  5:07  Forge  
  47  5:16  Stargate x2  
  47  5:21  Assimilator  
  47  5:24  Assimilator  
  47  5:33  Gateway  
  47  5:35  Gateway  
  47  5:44  Nexus  
  47  5:49  Charge  
  47  5:51  Probe (Chrono Boost)  
  47  5:52  Probe (Chrono Boost)  
  50  6:04  Protoss Air Weapons Level 1  
  50  6:05  Probe (Chrono Boost)  
  50  6:06  Protoss Ground Weapons Level 1  
  50  6:14  Assimilator  
  50  6:19  Assimilator  
  50  6:22  Pylon  
  50  6:26  Pylon  
  50  6:37  Fleet Beacon  
  50  6:53  Robotics Facility x2  
  50  6:56  Robotics Facility, Probe (Chrono Boost)  
  50  6:57  Probe (Chrono Boost)  
  50  6:58  Probe (Chrono Boost)  
  53  7:07  Probe x2 (Chrono Boost)  
  56  7:10  Probe (Chrono Boost)  
  56  7:13  Stargate  
  56  7:22  Probe (Chrono Boost)  
  57  7:25  Stargate  
  57  7:29  Stargate  
  57  7:39  Zealot x2  
  57  7:41  Stalker  
  59  7:47  Oracle  
  59  7:48  Stalker  
  59  7:49  Stalker  
  64  8:04  Zealot  
  64  8:05  Stalker x2  
  62  8:07  Stalker  
  66  8:19  Stalker x4  
  30  9:15  Pylon  
  29  9:24  Probe (Chrono Boost)  
  30  9:33  Mothership Core (Chrono Boost)  
  30  9:34  Probe (Chrono Boost)  
  38  10:07  Pylon  
  38  10:10  Pylon  
  38  10:13  Pylon  
  38  10:16  Pylon  
  38  10:19  Pylon  
  30  10:23  Pylon  
  30  10:25  Pylon  
  22  10:41  Gateway  
  22  10:44  Gateway  
  22  10:50  Gateway x2  
  22  10:53  Gateway  
Show
View Real Time Build Order
Export as new Build Order

HAJPER Protoss - Winner!

Build Orders:  

Get SALT Encoding   

  12  0:05  Probe (Chrono Boost)  
  13  0:16  Pylon  
  13  0:25  Probe (Chrono Boost)  
  14  0:36  Forge, Probe (Chrono Boost)  
  15  0:47  Probe (Chrono Boost)  
  16  0:52  Gateway  
  16  1:17  Pylon  
  16  1:30  Pylon  
  16  1:40  Photon Cannon  
  16  1:42  Photon Cannon  
  16  1:46  Probe (Chrono Boost)  
  17  1:52  Gateway  
  17  2:09  Zealot  
  19  2:17  Cybernetics Core  
  19  2:36  Zealot  
  21  2:41  Assimilator  
  21  2:43  Assimilator, Probe (Chrono Boost)  
  22  2:46  Zealot  
  24  2:53  Probe (Chrono Boost)  
  25  3:23  Stalker  
  27  3:32  Nexus  
  27  3:49  Stargate  
  27  3:54  Probe (Chrono Boost)  
  28  4:04  Probe (Chrono Boost)  
  29  4:38  Void Ray  
  29  4:39  Pylon  
  29  4:43  Pylon  
  33  4:48  Probe (Chrono Boost)  
  34  4:56  Pylon  
  34  4:59  Probe (Chrono Boost)  
  35  5:03  Photon Cannon  
  35  5:09  Probe (Chrono Boost)  
  35  5:10  Assimilator  
  36  5:15  Void Ray  
  36  5:20  Probe (Chrono Boost)  
  41  5:21  Protoss Air Weapons Level 1  
  41  5:42  Probe (Chrono Boost)  
  42  5:52  Void Ray  
  42  5:53  Probe (Chrono Boost)  
  43  6:03  Stalker x2, Probe (Chrono Boost)  
  52  6:14  Probe (Chrono Boost)  
  53  6:29  Void Ray  
  53  6:33  Stalker x2  
  61  6:41  Probe (Chrono Boost)  
  62  6:52  Probe (Chrono Boost)  
  63  7:02  Probe (Chrono Boost)  
  63  7:03  Stalker x2  
  68  7:20  Pylon  
  68  7:23  Pylon  
  68  7:32  Void Ray  
  68  8:09  Void Ray  
  66  8:46  Void Ray  
  70  9:24  Void Ray  
  74  10:01  Void Ray  
Tags
 
Add a new tag
Caveats
  • Supply blocks, unpowered buildings, or Contaminate may cause inaccurate times.
  • Supply counts are checked every 10 seconds.